[Event "12th Arad Open 2019"]
[Site "Arad"]
[Date "2019.07.26"]
[Round "4.39"]
[White "Sarmir, Milos"]
[Black "Veress, Armand"]
[Result "0-1"]
[ECO "A04"]
[WhiteElo "2098"]
[BlackElo "1827"]
[Annotator "NA"]
[PlyCount "66"]
[EventDate "2019.07.24"]
[EventType "swiss"]
[EventCountry "ROU"]
[SourceTitle "playchess.com"]
[Source "ChessBase"]
[SourceQuality "1"]
[TimeControl "40/5400+30:900+30"]

1. Nf3 c5 2. c4 Nc6 3. e3 e5 4. Nc3 d6 5. Be2 Nf6 6. O-O Be7 7. d4 O-O 8. a3 Re8 9. d5 Nb8 10. b4 Nbd7 11. Qc2 Bf8 12. Nd2 g6 13. Bb2 h6 14. f4 cxb4 15. axb4 exf4 16. Nce4 Nxe4 17. Nxe4 Qe7 18. Rxf4 f5 19. Qc3 Qe5 20. Qb3 Qe7 21. Nxd6 Qxe3+ 22. Qxe3 Rxe3 23. Rf2 Bxd6 24. Bd4 Re4 25. Bc3 Be5 26. Rc1 Bxc3 27. Rxc3 Nb6 28. Bd3 Re1+ 29. Rf1 Rxf1+ 30. Kxf1 Bd7 31. c5 Nxd5 32. Bc4 Be6 33. Kf2 Nxc3 0-1

[Event "12th Arad Open 2019"]
[Site "Arad"]
[Date "2019.07.26"]
[Round "4.40"]
[White "Ion, Dragos-Cosmin"]
[Black "Mitran, Anthony Cristian"]
[Result "0-1"]
[ECO "B06"]
[WhiteElo "1879"]
[BlackElo "2089"]
[Annotator "NA"]
[PlyCount "134"]
[EventDate "2019.07.24"]
[EventType "swiss"]
[EventCountry "ROU"]
[SourceTitle "playchess.com"]
[Source "ChessBase"]
[SourceQuality "1"]
[TimeControl "40/5400+30:900+30"]

1. e4 g6 2. d4 Bg7 3. Nc3 c6 4. f4 d5 5. e5 Nh6 6. Nf3 Bg4 7. h3 Bxf3 8. Qxf3 e6 9. Be3 Nf5 10. Bf2 Nd7 11. Bd3 Rc8 12. g4 Ne7 13. O-O O-O 14. Bh4 c5 15. Nb5 cxd4 16. Nxa7 Ra8 17. Nb5 f6 18. exf6 Bxf6 19. Bxf6 Rxf6 20. Qe2 Qb6 21. b4 Raf8 22. Rae1 Nc6 23. g5 R6f7 24. Qxe6 Nxb4 25. Qxb6 Nxb6 26. Nxd4 Nxd3 27. cxd3 Rxf4 28. Ne6 Rxf1+ 29. Rxf1 Re8 30. Nc5 d4 31. Ne4 Re7 32. Kg2 Kg7 33. Kg3 Nd5 34. Rb1 b6 35. a4 Re6 36. Rc1 Nb4 37. Rc7+ Kf8 38. Rd7 Nxd3 39. Rxd4 Ne5 40. Nf6 Kg7 41. Rd8 h5 42. gxh6+ Kxh6 43. Nd5 Nc4 44. Rb8 Rd6 45. Nf4 g5 46. Ne2 Rd2 47. Rc8 Nb2 48. Nc3 Rc2 49. Rc6+ Kh5 50. Rc8 Kg6 51. Kg4 Nxa4 52. Rc6+ Kf7 53. Rc7+ Ke6 54. Nb5 Rg2+ 55. Kf3 Rb2 56. Nd4+ Ke5 57. Ne2 Nc5 58. Re7+ Kf6 59. Rc7 Ne6 60. Rc3 b5 61. Ng3 b4 62. Re3 Nc7 63. Ne4+ Kg6 64. Nc5 Nd5 65. Rd3 Nf4 66. Rd6+ Kf5 67. Rb6 Nxh3 0-1

[Event "12th Arad Open 2019"]
[Site "Arad"]
[Date "2019.07.27"]
[Round "5.1"]
[White "Mastrovasilis, Dimitrios"]
[Black "Schitco, Ivan"]
[Result "1-0"]
[ECO "B07"]
[WhiteElo "2589"]
[BlackElo "2462"]
[Annotator "ChessBase"]
[PlyCount "55"]
[EventDate "2019.07.24"]
[EventType "swiss"]
[EventCountry "ROU"]
[SourceTitle "playchess.com"]
[Source "ChessBase"]
[SourceQuality "1"]
[TimeControl "40/5400+30:900+30"]

1. e4 d6 2. d4 Nf6 3. Nc3 g6 4. Be3 c6 5. Qd2 Nbd7 6. Nf3 Bg7 7. Bh6 Bxh6 8. Qxh6 e5 9. dxe5 Nxe5 10. O-O-O Bg4 11. Nxe5 Bxd1 12. Nxf7 Kxf7 13. Bc4+ Ke8 14. Rxd1 Qe7 15. Qe3 Ng4 16. Qg3 Ne5 17. Bb3 Kf8 18. Ne2 Nf7 19. Nf4 Qg5 20. Qe3 Re8 21. g3 Re7 22. Rxd6 Kg7 23. Ne6+ Rxe6 24. Rxe6 Rd8 25. Qxg5 Nxg5 26. Re7+ Kf6 27. Rxb7 Nxe4 28. Rxa7 1-0

[Event "12th Arad Open 2019"]
[Site "Arad"]
[Date "2019.07.27"]
[Round "5.2"]
[White "Costachi, Mihnea"]
[Black "Istratescu, Andrei"]
[Result "1/2-1/2"]
[ECO "D14"]
[WhiteElo "2471"]
[BlackElo "2555"]
[Annotator "ChessBase"]
[PlyCount "23"]
[EventDate "2019.07.24"]
[EventType "swiss"]
[EventCountry "ROU"]
[SourceTitle "playchess.com"]
[Source "ChessBase"]
[SourceQuality "1"]
[TimeControl "40/5400+30:900+30"]

1. Nf3 d5 2. d4 Nf6 3. c4 c6 4. cxd5 cxd5 5. Nc3 Nc6 6. Bf4 Bf5 7. e3 e6 8. Bd3 Bxd3 9. Qxd3 Bd6 10. Bxd6 Qxd6 11. O-O O-O 12. Rfc1 1/2-1/2

[Event "12th Arad Open 2019"]
[Site "Arad"]
[Date "2019.07.27"]
[Round "5.3"]
[White "Gorodetzky, David"]
[Black "Barrish, Daniel"]
[Result "1-0"]
[ECO "E46"]
[WhiteElo "2461"]
[BlackElo "2237"]
[Annotator "ChessBase"]
[PlyCount "121"]
[EventDate "2019.07.24"]
[EventType "swiss"]
[EventCountry "ROU"]
[SourceTitle "playchess.com"]
[Source "ChessBase"]
[SourceQuality "1"]
[TimeControl "40/5400+30:900+30"]

1. d4 Nf6 2. c4 e6 3. Nc3 Bb4 4. e3 O-O 5. Nge2 d5 6. a3 Be7 7. cxd5 exd5 8. Nf4 c6 9. Bd3 Na6 10. O-O Nc7 11. b4 Ne6 12. Nxe6 Bxe6 13. h3 Ne8 14. b5 cxb5 15. Nxb5 a6 16. Nc3 Rc8 17. Bd2 b5 18. Qf3 g6 19. Rfd1 f5 20. Ne2 Nf6 21. Bb4 Ne4 22. Bxe7 Qxe7 23. a4 Bd7 24. axb5 Bxb5 25. Nf4 g5 26. Bxe4 dxe4 27. Qg3 Kh8 28. Nd5 Qe6 29. Nc7 Qf6 30. Nxb5 axb5 31. Qe5 Qxe5 32. dxe5 Rfd8 33. Rd6 Rxd6 34. exd6 Kg7 35. Rb1 Kf6 36. Rxb5 Rd8 37. g4 fxg4 38. hxg4 Rxd6 39. Rf5+ Kg6 40. Re5 h5 41. gxh5+ Kxh5 42. Kg2 Kg4 43. Rxe4+ Kf5 44. Ra4 Rb6 45. Kf3 Rb5 46. Ra8 Rb2 47. Ra6 Ke5 48. Ra5+ Kf6 49. Ra6+ Ke5 50. Ra8 Rb4 51. Rf8 Ra4 52. Kg3 Ke6 53. f3 Ra1 54. e4 Ra5 55. Kg4 Rb5 56. Kh5 Ra5 57. Kg6 g4 58. fxg4 Ra4 59. g5 Ke5 60. Re8+ Kf4 61. Kf6 1-0

[Event "12th Arad Open 2019"]
[Site "Arad"]
[Date "2019.07.27"]
[Round "5.4"]
[White "Ileana, George"]
[Black "David, Alexandru-Vasile"]
[Result "1/2-1/2"]
[ECO "A04"]
[WhiteElo "2344"]
[BlackElo "2428"]
[Annotator "NA"]
[PlyCount "134"]
[EventDate "2019.07.24"]
[EventType "swiss"]
[EventCountry "ROU"]
[SourceTitle "playchess.com"]
[Source "ChessBase"]
[SourceQuality "1"]
[TimeControl "40/5400+30:900+30"]

1. Nf3 c5 2. c4 Nc6 3. Nc3 e5 4. d3 g6 5. g3 Bg7 6. Bg2 Nge7 7. O-O O-O 8. Ne1 d6 9. Nc2 Be6 10. Ne3 Qd7 11. Rb1 Bh3 12. Ned5 Bxg2 13. Kxg2 f5 14. Bg5 Nxd5 15. cxd5 Nb4 16. a3 Na6 17. Qa4 Qf7 18. Qh4 Rae8 19. e4 Qd7 20. b4 cxb4 21. axb4 b5 22. Be3 f4 23. Bd2 Bf6 24. Qh6 Bg7 25. Qh4 f3+ 26. Kh1 Rc8 27. h3 h5 28. g4 Bf6 29. Qg3 hxg4 30. Rg1 Bg5 31. Bxg5 Rxc3 32. Qxg4 Qxg4 33. Rxg4 Rf7 34. Be3 Kh7 35. d4 Rxe3 36. fxe3 f2 37. Kg2 Nxb4 38. dxe5 dxe5 39. Rg3 Nd3 40. Kf1 a6 41. Rd1 Nc5 42. d6 b4 43. Rg2 Rd7 44. Rxf2 Nxe4 45. Rb2 a5 46. Rd5 Rxd6 47. Rxa5 Kh6 48. Rxb4 Rd1+ 49. Ke2 Nc3+ 50. Kf3 e4+ 51. Kg3 Rd3 52. Kg4 Nd5 53. Rxd5 Rxd5 54. Rxe4 Kg7 55. Rd4 Re5 56. e4 Kf6 57. h4 Ra5 58. Rd6+ Kf7 59. Rd5 Ra1 60. e5 Ke6 61. Rd6+ Kxe5 62. Rxg6 Rg1+ 63. Kh5 Rh1 64. Kg5 Rg1+ 65. Kh6 Rh1 66. h5 Kf5 67. Ra6 Rh2 1/2-1/2

[Event "12th Arad Open 2019"]
[Site "Arad"]
[Date "2019.07.27"]
[Round "5.5"]
[White "Macovei, Andrei"]
[Black "Ciorgovean, Iustin"]
[Result "0-1"]
[ECO "B51"]
[WhiteElo "2424"]
[BlackElo "2330"]
[Annotator "NA"]
[PlyCount "64"]
[EventDate "2019.07.24"]
[EventType "swiss"]
[EventCountry "ROU"]
[SourceTitle "playchess.com"]
[Source "ChessBase"]
[SourceQuality "1"]
[TimeControl "40/5400+30:900+30"]

1. e4 c5 2. Nf3 d6 3. Bb5+ Nd7 4. O-O a6 5. Bd3 Ngf6 6. Re1 e6 7. c3 b5 8. Bc2 c4 9. a4 Bb7 10. d4 cxd3 11. Qxd3 Nc5 12. Qe2 bxa4 13. e5 dxe5 14. Nxe5 Be7 15. Rd1 Qc8 16. Rxa4 Nxa4 17. Bxa4+ Kf8 18. Na3 Qc5 19. b4 Qxc3 20. Nac4 Qxb4 21. Bc6 Rb8 22. Ba3 Qb3 23. Bxe7+ Kxe7 24. Na5 Qb6 25. Bxb7 Rxb7 26. Nec6+ Ke8 27. Nxb7 Qxc6 28. Rd8+ Ke7 29. Qd2 Qb6 30. Qd6+ Qxd6 31. Rxd6 Rb8 32. Rb6 a5 0-1

[Event "12th Arad Open 2019"]
[Site "Arad"]
[Date "2019.07.27"]
[Round "5.6"]
[White "Bonte, Andrei-Mihai"]
[Black "Petrisor, Adrian-Marian"]
[Result "1/2-1/2"]
[ECO "E20"]
[WhiteElo "2337"]
[BlackElo "2422"]
[Annotator "NA"]
[PlyCount "32"]
[EventDate "2019.07.24"]
[EventType "swiss"]
[EventCountry "ROU"]
[SourceTitle "playchess.com"]
[Source "ChessBase"]
[SourceQuality "1"]
[TimeControl "40/5400+30:900+30"]

1. d4 Nf6 2. c4 e6 3. Nc3 Bb4 4. g3 c5 5. Nf3 cxd4 6. Nxd4 O-O 7. Bg2 d5 8. Qb3 Bxc3+ 9. bxc3 e5 10. Nf3 dxc4 11. Qxc4 Be6 12. Qb5 Qd5 13. c4 Qxc4 14. Qxc4 Bxc4 15. Nxe5 Bd5 16. O-O Bxg2 1/2-1/2

[Event "12th Arad Open 2019"]
[Site "Arad"]
[Date "2019.07.27"]
[Round "5.8"]
[White "Nester, Ihor"]
[Black "Weinzettl, Ernst"]
[Result "1-0"]
[ECO "E62"]
[WhiteElo "2361"]
[BlackElo "2165"]
[Annotator "NA"]
[PlyCount "119"]
[EventDate "2019.07.24"]
[EventType "swiss"]
[EventCountry "ROU"]
[SourceTitle "playchess.com"]
[Source "ChessBase"]
[SourceQuality "1"]
[TimeControl "40/5400+30:900+30"]

1. Nf3 Nf6 2. c4 g6 3. d4 Bg7 4. g3 O-O 5. Bg2 d6 6. O-O c6 7. Nc3 Qa5 8. e4 e5 9. h3 Nbd7 10. Re1 exd4 11. Nxd4 Ne5 12. Bf1 Re8 13. Be3 c5 14. Nb3 Qb4 15. Nd2 a6 16. Rb1 Qa5 17. a3 Qd8 18. f4 Nc6 19. Bg2 h5 20. Nd5 Nxd5 21. cxd5 Nd4 22. b4 b6 23. bxc5 bxc5 24. Nc4 Nb5 25. Rb3 Bd4 26. Bxd4 Nxd4 27. Rb6 Bd7 28. Rxd6 Nb5 29. Rxd7 Qxd7 30. Nb6 Qa7 31. Nxa8 c4+ 32. Kh2 Rxa8 33. a4 Nd6 34. Qd2 Rb8 35. e5 Nf5 36. d6 Qd7 37. Qc2 Rb3 38. Qxc4 Rxg3 39. Qxa6 Rc3 40. Qb5 Qd8 41. Qb4 Rc2 42. Qe4 Qh4 43. Rd1 Qg3+ 44. Kh1 Rc8 45. d7 Rd8 46. e6 fxe6 47. Qxe6+ Kg7 48. Qe5+ Kh7 49. a5 Qb3 50. Qd5 Qa4 51. Qd2 Kh6 52. Bf1 h4 53. Kg1 Qa3 54. a6 Qg3+ 55. Qg2 Qe3+ 56. Qf2 Qb3 57. Rd3 Qa4 58. a7 Ng3 59. Bg2 Qa6 60. Rd2 1-0

[Event "12th Arad Open 2019"]
[Site "Arad"]
[Date "2019.07.27"]
[Round "5.9"]
[White "Florescu, Codrut-Constantin"]
[Black "Stoleriu, George"]
[Result "1/2-1/2"]
[ECO "E11"]
[WhiteElo "2312"]
[BlackElo "2360"]
[Annotator "NA"]
[PlyCount "37"]
[EventDate "2019.07.24"]
[EventType "swiss"]
[EventCountry "ROU"]
[SourceTitle "playchess.com"]
[Source "ChessBase"]
[SourceQuality "1"]
[TimeControl "40/5400+30:900+30"]

1. d4 e6 2. Nf3 Nf6 3. c4 Bb4+ 4. Nbd2 b6 5. g3 c5 6. dxc5 bxc5 7. Bg2 Bb7 8. O-O Bxd2 9. Bxd2 d6 10. b4 Nbd7 11. Bf4 e5 12. Bg5 Qc7 13. Bxf6 Nxf6 14. b5 O-O 15. a4 Rfe8 16. a5 e4 17. Ne1 e3 18. f3 Rad8 19. a6 1/2-1/2

[Event "12th Arad Open 2019"]
[Site "Arad"]
[Date "2019.07.27"]
[Round "5.10"]
[White "Zawadzka, Jolanta"]
[Black "Gilea, Lucian"]
[Result "1-0"]
[ECO "B10"]
[WhiteElo "2422"]
[BlackElo "2287"]
[Annotator "NA"]
[PlyCount "105"]
[EventDate "2019.07.24"]
[EventType "swiss"]
[EventCountry "ROU"]
[SourceTitle "playchess.com"]
[Source "ChessBase"]
[SourceQuality "1"]
[TimeControl "40/5400+30:900+30"]

1. e4 c6 2. Nf3 d5 3. Nc3 dxe4 4. Nxe4 Nf6 5. Nxf6+ exf6 6. Bc4 Bd6 7. Qe2+ Qe7 8. Qxe7+ Kxe7 9. O-O Re8 10. d4 Bf5 11. Bb3 Kf8 12. Be3 a5 13. a4 Na6 14. c3 Nc7 15. c4 Na6 16. c5 Be7 17. Nd2 Nb4 18. Nc4 Be6 19. Ra3 Nc2 20. Bxc2 Bxc4 21. Rb1 g6 22. h3 Red8 23. Rc3 Ba6 24. g4 Rd7 25. Be4 f5 26. gxf5 Bf6 27. fxg6 hxg6 28. Rd1 Rad8 29. Rc2 Ke8 30. Rcd2 Bc4 31. Bc2 Bd5 32. Bf4 Re7 33. Bd6 Re6 34. Rd3 Re2 35. Bb3 Be7 36. Bxd5 cxd5 37. Bxe7 Kxe7 38. Rb3 Rd7 39. Rb5 Kf6 40. Rd3 Kf5 41. Rxa5 Rxb2 42. Rb5 Ra2 43. Rb4 Kf4 44. Kg2 Re7 45. Rf3+ Kg5 46. Rg3+ Kf5 47. Rgb3 f6 48. Kg3 Kg5 49. h4+ Kh5 50. Rxb7 Rxb7 51. Rxb7 g5 52. hxg5 fxg5 53. Rd7 1-0

[Event "12th Arad Open 2019"]
[Site "Arad"]
[Date "2019.07.27"]
[Round "5.11"]
[White "Isfan, Ioan-Marius"]
[Black "Jianu, Vlad-Cristian"]
[Result "0-1"]
[ECO "D37"]
[WhiteElo "2164"]
[BlackElo "2523"]
[Annotator "ChessBase"]
[PlyCount "35"]
[EventDate "2019.07.24"]
[EventType "swiss"]
[EventCountry "ROU"]
[SourceTitle "playchess.com"]
[Source "ChessBase"]
[SourceQuality "1"]
[TimeControl "40/5400+30:900+30"]

1. d4 Nf6 2. Nf3 e6 3. c4 d5 4. Nc3 Nbd7 5. Bg5 c6 6. Qb3 h6 7. Bh4 Be7 8. e3 O-O 9. Rd1 b6 10. cxd5 exd5 11. Bd3 Ne4 12. Bxe7 Qxe7 13. Nxd5 cxd5 14. Qxd5 Qb4+ 15. Kf1 Ndf6 16. Qxa8 Ba6 17. Qd5 Bc8 18. Nd2 0-1

[Event "12th Arad Open 2019"]
[Site "Arad"]
[Date "2019.07.27"]
[Round "5.12"]
[White "Mitran, Anthony Cristian"]
[Black "Soltanici, Ruslan"]
[Result "0-1"]
[ECO "A46"]
[WhiteElo "2089"]
[BlackElo "2408"]
[Annotator "NA"]
[PlyCount "102"]
[EventDate "2019.07.24"]
[EventType "swiss"]
[EventCountry "ROU"]
[SourceTitle "playchess.com"]
[Source "ChessBase"]
[SourceQuality "1"]
[TimeControl "40/5400+30:900+30"]

1. d4 Nf6 2. Nf3 e6 3. g3 b6 4. Bg2 Bb7 5. O-O c5 6. c4 cxd4 7. Nxd4 Bxg2 8. Kxg2 Qc8 9. b3 Be7 10. Bb2 Qb7+ 11. Kg1 a6 12. Nc3 O-O 13. Re1 d6 14. e4 Nbd7 15. Qe2 Rfe8 16. Rad1 Bf8 17. Nc2 Rac8 18. g4 h6 19. h4 h5 20. f3 hxg4 21. fxg4 Ne5 22. g5 Nfd7 23. Rf1 b5 24. cxb5 axb5 25. Nd4 b4 26. Na4 Nc5 27. Nxc5 Rxc5 28. Rc1 d5 29. exd5 Rxc1 30. Bxc1 Qxd5 31. Be3 Bc5 32. Nc2 Rc8 33. Qf2 Bf8 34. Nd4 Rc3 35. Qf4 Rxe3 36. Qxe3 Bc5 37. Qf4 Bxd4+ 38. Kh2 Qc5 39. Rc1 Bc3 40. Rf1 Qa7 41. Kh3 Qxa2 42. h5 Qe2 43. h6 Bd2 44. h7+ Kxh7 45. Qh4+ Kg8 46. Ra1 Qf3+ 47. Qg3 Qxg3+ 48. Kxg3 Bxg5 49. Ra5 f6 50. Rb5 Bd2 51. Kf2 g5 {[%emt 0:01:09] Ke1} 0-1

[Event "12th Arad Open 2019"]
[Site "Arad"]
[Date "2019.07.27"]
[Round "5.13"]
[White "Secheres, Adrian-Simion"]
[Black "Voinescu, David-Ioan"]
[Result "1/2-1/2"]
[ECO "D20"]
[WhiteElo "2394"]
[BlackElo "2046"]
[Annotator "NA"]
[PlyCount "134"]
[EventDate "2019.07.24"]
[EventType "swiss"]
[EventCountry "ROU"]
[SourceTitle "playchess.com"]
[Source "ChessBase"]
[SourceQuality "1"]
[TimeControl "40/5400+30:900+30"]

1. d4 d5 2. c4 dxc4 3. e3 Nf6 4. Bxc4 e6 5. Nf3 a6 6. O-O Nbd7 7. a4 c5 8. Re1 Nb6 9. Bb3 cxd4 10. exd4 Bb4 11. Nc3 h6 12. Qd3 O-O 13. Ne5 Re8 14. Qg3 Kf8 15. Bd2 Nbd5 16. Re2 a5 17. Qf3 b6 18. Nc6 Qd6 19. Nxb4 axb4 20. Nxd5 exd5 21. Qg3 Qxg3 22. Bxb4+ Kg8 23. Rxe8+ Nxe8 24. hxg3 Nf6 25. Be7 Bd7 26. Bxf6 gxf6 27. f3 Kf8 28. Kf2 Ke7 29. Bd1 Kd6 30. b3 Rc8 31. Ke3 Rc3+ 32. Kd2 Rc8 33. Be2 Rg8 34. g4 f5 35. Rh1 fxg4 36. Rxh6+ Rg6 37. Rh8 gxf3 38. Bxf3 Kc6 39. b4 Bf5 40. b5+ Kc7 41. Ra8 Be6 42. Rh8 Bf5 43. Rf8 Be6 44. Ra8 Rh6 45. Kc3 Rh1 46. Kb2 Rh4 47. Kc3 Rh1 48. Rf8 Rc1+ 49. Kd3 Ra1 50. Bh5 Ra3+ 51. Ke2 Rxa4 52. Bxf7 Kd6 53. Bxe6 Kxe6 54. Rb8 Rxd4 55. Rxb6+ Ke5 56. Rb8 Kd6 57. b6 Kc6 58. Kf3 Rd3+ 59. Kf4 Rd1 60. g4 d4 61. Kf5 d3 62. Rd8 Kxb6 63. g5 d2 64. Kg6 Kc7 65. Rd3 Kc6 66. Kg7 Rg1 67. Rxd2 Rxg5+ 1/2-1/2

[Event "12th Arad Open 2019"]
[Site "Arad"]
[Date "2019.07.27"]
[Round "5.14"]
[White "Visanescu, Daria-Ioana"]
[Black "Ahlander, Bjorn"]
[Result "1-0"]
[ECO "B22"]
[WhiteElo "2079"]
[BlackElo "2391"]
[Annotator "NA"]
[PlyCount "115"]
[EventDate "2019.07.24"]
[EventType "swiss"]
[EventCountry "ROU"]
[SourceTitle "playchess.com"]
[Source "ChessBase"]
[SourceQuality "1"]
[TimeControl "40/5400+30:900+30"]

1. e4 c5 2. c3 d6 3. d4 Nf6 4. Bd3 Nc6 5. Nf3 e6 6. O-O Be7 7. Re1 O-O 8. dxc5 dxc5 9. e5 Nd7 10. Bc2 Qc7 11. Qe2 Rd8 12. Bf4 Nf8 13. Nbd2 b6 14. Ne4 Bb7 15. Nd6 a6 16. Rad1 Rab8 17. Ng5 Bxd6 18. exd6 Qd7 19. Qh5 h6 20. Ne4 f5 21. Nd2 Qf7 22. Qxf7+ Kxf7 23. d7 e5 24. Bxe5 Nxe5 25. Rxe5 g6 26. Nc4 Rxd7 27. Rde1 Bd5 28. Bb3 Kf6 29. h4 Be4 30. f4 g5 31. hxg5+ hxg5 32. fxg5+ Kg6 33. g4 Bd3 34. gxf5+ Kxg5 35. Ne3 Rbd8 36. Kf2 c4 37. Bxc4 Bxc4 38. Nxc4 b5 39. Ne3 Rh7 40. Kg3 Rd3 41. Re8 Nd7 42. Rg8+ Kf6 43. Kf4 Rh4+ 44. Ng4+ Kf7 45. Rg6 a5 46. Kg5 Rh8 47. Nh6+ Kf8 48. Rge6 Rg8+ 49. Nxg8 Kxg8 50. Re8+ Nf8 51. Kf6 Rd6+ 52. R1e6 Rd7 53. Ra6 Rf7+ 54. Kg5 b4 55. Raa8 bxc3 56. bxc3 Kg7 57. Rxf8 Rd7 58. f6+ 1-0

[Event "12th Arad Open 2019"]
[Site "Arad"]
[Date "2019.07.27"]
[Round "5.15"]
[White "Peptan, Corina-Isabela"]
[Black "Luca, Ionel"]
[Result "1-0"]
[ECO "E19"]
[WhiteElo "2375"]
[BlackElo "2039"]
[Annotator "NA"]
[PlyCount "65"]
[EventDate "2019.07.24"]
[EventType "swiss"]
[EventCountry "ROU"]
[SourceTitle "playchess.com"]
[Source "ChessBase"]
[SourceQuality "1"]
[TimeControl "40/5400+30:900+30"]

1. d4 Nf6 2. c4 e6 3. Nf3 b6 4. g3 Bb7 5. Bg2 Be7 6. O-O O-O 7. Nc3 Ne4 8. Qc2 Nxc3 9. Qxc3 a5 10. Rd1 Na6 11. Bf4 g5 12. Be3 Ra7 13. d5 exd5 14. cxd5 Nb4 15. Nd4 Bf6 16. Qb3 d6 17. Rac1 Na6 18. Nb5 Ra8 19. Nxc7 Nxc7 20. Bxb6 Rc8 21. Bxa5 Ba6 22. Bh3 Bxe2 23. Bxc8 Qxc8 24. Re1 Qf5 25. Rxe2 Nxd5 26. Bd2 Bd4 27. Qc2 Qf3 28. Bxg5 Nb4 29. Qe4 Bxf2+ 30. Kf1 Qxe4 31. Rxe4 Bc5 32. Bh6 f5 33. Rxb4 1-0

[Event "12th Arad Open 2019"]
[Site "Arad"]
[Date "2019.07.27"]
[Round "5.16"]
[White "Aciu, Malina-Andreea"]
[Black "Bogdan, Dan"]
[Result "1-0"]
[ECO "B12"]
[WhiteElo "2047"]
[BlackElo "2370"]
[Annotator "NA"]
[PlyCount "33"]
[EventDate "2019.07.24"]
[EventType "swiss"]
[EventCountry "ROU"]
[SourceTitle "playchess.com"]
[Source "ChessBase"]
[SourceQuality "1"]
[TimeControl "40/5400+30:900+30"]

1. e4 c6 2. d4 d5 3. Nd2 g6 4. Ngf3 Bg7 5. c3 Nh6 6. Bd3 f6 7. O-O Nf7 8. Re1 O-O 9. h4 e5 10. h5 dxe4 11. Nxe4 f5 12. Neg5 e4 13. Bc4 exf3 14. Qb3 Qc7 15. Bxf7+ Rxf7 16. Re8+ Bf8 17. Bf4 1-0

[Event "12th Arad Open 2019"]
[Site "Arad"]
[Date "2019.07.27"]
[Round "5.17"]
[White "Balan, Bogdan"]
[Black "Marjanovic, Annamaria"]
[Result "0-1"]
[ECO "E20"]
[WhiteElo "2036"]
[BlackElo "2343"]
[Annotator "NA"]
[PlyCount "88"]
[EventDate "2019.07.24"]
[EventType "swiss"]
[EventCountry "ROU"]
[SourceTitle "playchess.com"]
[Source "ChessBase"]
[SourceQuality "1"]
[TimeControl "40/5400+30:900+30"]

1. d4 e6 2. c4 Nf6 3. Nc3 Bb4 4. Bd2 b6 5. Nf3 Bb7 6. e3 Bxc3 7. Bxc3 Ne4 8. Rc1 d6 9. Bd3 f5 10. O-O O-O 11. Nd2 Nxc3 12. Rxc3 Nc6 13. Be2 Ne7 14. f4 Ng6 15. Bf3 Bxf3 16. Nxf3 Qe7 17. g3 Rad8 18. d5 e5 19. Ng5 Rf6 20. Qa4 a5 21. Ne6 Rc8 22. Qc6 Nf8 23. Nxf8 Rfxf8 24. a3 exf4 25. exf4 Qe4 26. Rcf3 Rfe8 27. b4 axb4 28. axb4 Re7 29. Kg2 Rce8 30. Ra1 Qd4 31. Ra8 Rxa8 32. Qxa8+ Kf7 33. Qc8 g6 34. Rf2 Qxc4 35. Qh8 Qxd5+ 36. Kh3 Qe6 37. Qxh7+ Ke8 38. Qh8+ Kd7 39. Rc2 Qe4 40. Ra2 Re8 41. Qg7+ Qe7 42. Qxg6 Rh8+ 43. Kg2 Qe4+ 44. Kg1 Qb1+ 0-1

[Event "12th Arad Open 2019"]
[Site "Arad"]
[Date "2019.07.27"]
[Round "5.18"]
[White "Marjanovic, Gyorgy"]
[Black "Patrascu, Catalin-Lucian"]
[Result "0-1"]
[ECO "B31"]
[WhiteElo "2026"]
[BlackElo "2292"]
[Annotator "NA"]
[PlyCount "54"]
[EventDate "2019.07.24"]
[EventType "swiss"]
[EventCountry "ROU"]
[SourceTitle "playchess.com"]
[Source "ChessBase"]
[SourceQuality "1"]
[TimeControl "40/5400+30:900+30"]

1. e4 c5 2. Nf3 Nc6 3. Bb5 g6 4. Bxc6 dxc6 5. d3 Bg7 6. O-O Bg4 7. h3 Bxf3 8. Qxf3 Nf6 9. Nc3 Nd7 10. Be3 e5 11. Qg3 O-O 12. Ne2 Qe7 13. Rae1 Rfe8 14. b3 b6 15. Bg5 Qd6 16. f4 exf4 17. Qxf4 Qxf4 18. Bxf4 Nf8 19. Bd2 Ne6 20. Be3 Rad8 21. a4 a6 22. g4 b5 23. Bd2 c4 24. Rf3 cxd3 25. Rxd3 Rxd3 26. cxd3 Nc5 27. axb5 Nxd3 0-1

[Event "12th Arad Open 2019"]
[Site "Arad"]
[Date "2019.07.27"]
[Round "5.19"]
[White "Dicu, Razvan-Stefan"]
[Black "Fluerariu, Radu-Cristian"]
[Result "1/2-1/2"]
[ECO "B06"]
[WhiteElo "2286"]
[BlackElo "2021"]
[Annotator "NA"]
[PlyCount "98"]
[EventDate "2019.07.24"]
[EventType "swiss"]
[EventCountry "ROU"]
[SourceTitle "playchess.com"]
[Source "ChessBase"]
[SourceQuality "1"]
[TimeControl "40/5400+30:900+30"]

1. e4 d6 2. d4 g6 3. Nc3 Bg7 4. Be3 a6 5. h4 h6 6. Qd2 b5 7. O-O-O Bb7 8. f3 Nd7 9. Kb1 Rc8 10. d5 c5 11. dxc6 Bxc6 12. Bd4 Bxd4 13. Qxd4 Ngf6 14. Nge2 Qb6 15. Qxb6 Nxb6 16. Nd4 Bb7 17. Nb3 Rc7 18. Rd4 Nfd7 19. a4 bxa4 20. Nxa4 O-O 21. Nxb6 Nxb6 22. Rb4 Nd7 23. c3 Rb8 24. Be2 Bc8 25. Rxb8 Nxb8 26. Kc2 Kg7 27. Ra1 Kf6 28. Ra4 g5 29. hxg5+ hxg5 30. Nd2 g4 31. f4 e5 32. fxe5+ dxe5 33. Nc4 Bd7 34. Rb4 Bb5 35. Ne3 Kg5 36. Bxb5 axb5 37. Rxb5 Nd7 38. b4 Ra7 39. Ra5 Rxa5 40. bxa5 Kf4 41. Nc4 Nc5 42. Nd6 Kg3 43. Nxf7 Kxg2 44. Nxe5 g3 45. Nd3 Kf3 46. e5 Nxd3 47. a6 g2 48. a7 Ne1+ 49. Kd2 g1=Q 1/2-1/2

[Event "12th Arad Open 2019"]
[Site "Arad"]
[Date "2019.07.27"]
[Round "5.20"]
[White "Albu, George"]
[Black "Pop, Alexandru"]
[Result "1-0"]
[ECO "E46"]
[WhiteElo "2014"]
[BlackElo "2276"]
[Annotator "NA"]
[PlyCount "117"]
[EventDate "2019.07.24"]
[EventType "swiss"]
[EventCountry "ROU"]
[SourceTitle "playchess.com"]
[Source "ChessBase"]
[SourceQuality "1"]
[TimeControl "40/5400+30:900+30"]

1. d4 Nf6 2. c4 e6 3. Nc3 Bb4 4. e3 O-O 5. Nge2 d5 6. a3 Be7 7. Nf4 c6 8. Bd3 Nbd7 9. O-O dxc4 10. Bxc4 e5 11. dxe5 Nxe5 12. Be2 Bf5 13. b4 Qc7 14. Bb2 Rad8 15. Qc1 g5 16. Nb5 Qb8 17. Nd4 Bc8 18. Nd3 Bd6 19. Nxe5 Bxe5 20. g3 Bh3 21. Rd1 Rfe8 22. Qc2 Nd5 23. Nf3 Bxb2 24. Qxb2 h6 25. Rd4 Qc8 26. Rad1 Qf5 27. R4d2 a6 28. Nd4 Qe5 29. Nf3 Qxb2 30. Rxb2 Nc3 31. Rxd8 Rxd8 32. Nd4 b6 33. Bf1 Bxf1 34. Kxf1 c5 35. bxc5 bxc5 36. Nf5 Rd1+ 37. Kg2 Rb1 38. Rd2 Rb3 39. Rd7 Rxa3 40. Nxh6+ Kg7 41. Nxf7 Kf6 42. Rc7 Nb5 43. Rxc5 Kxf7 44. Rxg5 Nc3 45. h4 Ra2 46. g4 a5 47. h5 Ne4 48. Rf5+ Kg7 49. Kf3 Nxf2 50. g5 Nd3 51. Rd5 Ne1+ 52. Ke4 a4 53. Rd7+ Kf8 54. h6 Rh2 55. Ra7 Kg8 56. Kf5 Rf2+ 57. Kg6 Rf8 58. h7+ Kh8 59. Kh6 1-0

[Event "12th Arad Open 2019"]
[Site "Arad"]
[Date "2019.07.27"]
[Round "5.21"]
[White "Nedelcu, Teodor-Cosmin"]
[Black "Pasti, Aron"]
[Result "1-0"]
[ECO "D35"]
[WhiteElo "1963"]
[BlackElo "2209"]
[Annotator "NA"]
[PlyCount "63"]
[EventDate "2019.07.24"]
[EventType "swiss"]
[EventCountry "ROU"]
[SourceTitle "playchess.com"]
[Source "ChessBase"]
[SourceQuality "1"]
[TimeControl "40/5400+30:900+30"]

1. d4 Nf6 2. c4 e6 3. Nc3 d5 4. cxd5 exd5 5. Bg5 Be7 6. e3 O-O 7. Bd3 c6 8. Qc2 Nbd7 9. Nge2 Re8 10. O-O Nf8 11. Rad1 Ne6 12. Bxf6 Bxf6 13. Bxh7+ Kh8 14. Bd3 g6 15. Ng3 Kg7 16. Nce2 Rh8 17. f4 Nc7 18. f5 g5 19. Rf2 Bd7 20. e4 dxe4 21. Nxe4 Nd5 22. Qd2 Qe7 23. Nxf6 Qxf6 24. Ng3 Rag8 25. Ne4 Qxd4 26. Qxg5+ Kh7 27. Qh4+ Kg7 28. Qg3+ Kh6 29. Qd6+ f6 30. Bc2 Qe5 31. Qxd7 Ne3 32. Qd2 1-0